 Dungeon Crawl Stone Soup version 0.31-a0-348-g810772c3d7 (webtiles) character file.

Game seed: 14054805864644833849

18953 Bnni the Martial Artist (level 12, -3/63 HPs)
             Began as an Octopode Shapeshifter on July 23, 2023.
             Was an Initiate of Gozag.
             Constricted to death by Jorgrun (13 damage)
             ... on level 12 of the Dungeon.
             The game lasted 00:36:31 (13001 turns).

Bnni the Martial Artist (Octopode Shapeshifter)    Turns: 13001, Time: 00:36:32

Health: -3/63      AC: 35    Str: 17    XL:     12   Next: 63%
Magic:  21/21      EV: 22    Int: 10    God:    Gozag
Gold:   624        SH:  0    Dex: 21    Spells: 6/11 levels left

rFire   + +          +
                       - Unarmed
rCold   + + .        (no shield)
rNeg    + + +        (helmet restricted)
rPois   ∞            j - amulet "Jemoloys" {RegenMP rC+ rCorr}
rElec   +            o - +5 ring of evasion
rCorr   +            A - ring of magical power
SInv    .            H - +4 ring of protection
Will    +....        K - ring of protection from fire
Stlth   ++++         O - ring "Kexe" {rF+ rC+ Str+2 Dex+6}
HPRegen 0.30/turn    T - ring "Noumunoh" {rN++ Will+}
MPRegen 0.57/turn    U - +5 ring of evasion
                     (no ring)

%: no passive effects
@: statue-form, grasped by roots, constricted, very slow
A: slow and powerful, torment resistance 1, reduced hp, almost no armour,
amphibious, 8 rings, camouflage 1, (gelatinous body 1), (nimble swimmer 1),
tentacles, tentacle spike 1, clumsy 1, fire resistance 1
a: Begin Untransformation, Renounce Religion, Potion Petition, Call Merchant,
Bribe Branch


You were on level 12 of the Dungeon.
You worshipped Gozag.
Gozag was pleased with you.
You were a living statue of rough stone.
You visited 2 branches of the dungeon, and saw 13 of its levels.
You also visited: Ossuary and Gauntlet.

You collected 2857 gold pieces.
You spent 2143 gold pieces at shops.
You paid 90 gold pieces to Gozag.

Inventory:

Missiles
 P - 6 silver javelins
 R - 7 curare-tipped darts
Jewellery
 j - the amulet "Jemoloys" (around mantle) {RegenMP rC+ rCorr}
   (You bought it in a shop on level 7 of the Dungeon)

   [amulet of magic regeneration]

   It increases your rate of magic regeneration.
   rC:        It protects you from cold.
   rCorr:     It protects you from acid and corrosion.
 o - a +5 ring of evasion (left tentacle)
 A - a ring of magical power (right tentacle)
 H - a +4 ring of protection (on tentacle)
 K - a ring of protection from fire (on tentacle)
 O - the ring "Kexe" (on tentacle) {rF+ rC+ Str+2 Dex+6}
   (You found it in a Gauntlet)

   [ring of dexterity]

   Str:       It affects your strength (+2).
   Dex:       It affects your dexterity (+6).
   rF:        It protects you from fire.
   rC:        It protects you from cold.
 T - the ring "Noumunoh" (on tentacle) {rN++ Will+}
   (You bought it in a shop on level 7 of the Dungeon)

   [ring of willpower]

   rN:        It greatly protects you from negative energy.
   Will:      It increases your willpower.
 U - a +5 ring of evasion (on tentacle)
Talismans
 a - a granite talisman
 b - a beast talisman
Wands
 g - a wand of light (2)
 r - a wand of flame (14)
 v - a wand of polymorph (13)
 J - a wand of paralysis (8)
 L - a wand of mindburst (7)
 Q - a wand of iceblast (15)
Scrolls
 c - 2 scrolls of blinking {unknown}
 d - 3 scrolls of noise {unknown}
 f - 2 scrolls of enchant weapon {unknown}
 k - 2 scrolls of fog {unknown}
 m - a scroll of revelation {unknown}
 n - 2 scrolls of amnesia
 s - 3 scrolls of fear {unknown}
 x - a scroll of immolation
 y - 2 scrolls of enchant armour {unknown}
 B - a scroll of summoning {unknown}
 C - 3 scrolls of teleportation {unknown}
 D - 2 scrolls of brand weapon {unknown}
 E - 3 scrolls of torment {unknown}
 G - 2 scrolls of poison {unknown}
Potions
 e - 4 potions of heal wounds
 h - 4 potions of curing
 i - 5 potions of enlightenment
 l - 2 potions of magic
 p - 4 potions of attraction
 q - a potion of might
 t - a potion of lignification
 u - 2 potions of ambrosia
 w - a potion of cancellation {unknown}
 F - a potion of resistance {unknown}
 I - a potion of mutation
 M - a potion of haste {unknown}
 N - 2 potions of invisibility {unknown}
Miscellaneous
 S - a phantom mirror


   Skills:
 + Level 8.6 Fighting
 - Level 4.3 Dodging
 - Level 5.0 Stealth
 * Level 12.6 Unarmed Combat
 + Level 4.7 Ice Magic
 * Level 10.8 Shapeshifting


You had 6 spell levels left.
You knew the following spells:

 Your Spells              Type           Power      Damage    Failure   Level
o - Ozocubu's Armour      Ice            9%         N/A       17%         3
w - Wereblood             Tmut           0%         N/A       50%         2

Your spell library contained the following spells:

 Spells                   Type           Power      Damage    Failure   Level
 Apportation              Tloc           0%         N/A       36%         1
 Magic Dart               Conj           0%         1d3       36%         1
 Necrotise                Necr           0%         1d4       36%         1
 Summon Small Mammal      Summ           0%         N/A       36%         1
 Scorch                   Fire           0%         2d5       50%         2
 Searing Ray              Conj           0%         2d4       50%         2
 Call Canine Familiar     Summ           0%         N/A       75%         3
 Summon Guardian Golem    Hex/Summ       0%         N/A       75%         3
 Flame Wave               Conj/Fire      0%         2d4       98%         4
 Fulminant Prism          Conj/Hex       0%         3d5       98%         4
 Petrify                  Tmut/Erth      0%         N/A       98%         4
 Irradiate                Conj/Tmut      0%         3d11      100%        5
 Summon Forest            Summ/Tloc      0%         N/A       100%        5
 Summon Mana Viper        Hex/Summ       0%         N/A       100%        5
 Summon Cactus Giant      Summ           0%         N/A       100%        6
 Ozocubu's Refrigeration  Ice            4%         4d8       100%        7
 Summon Hydra             Summ           0%         N/A       100%        7
 Sublimation of Blood     Necr           Unusable   N/A       N/A         2

Dungeon Overview and Level Annotations

Branches:
Dungeon (12/15)            Temple (1/1) D:4            Lair (0/5) D:11
    Orc (0/2) D:9         Ossuary (visited)         Gauntlet (visited)

Altars:
Ashenzari
Cheibriados
Dithmenos
Elyvilon
Fedhas
Gozag
Hepliaklqana
Kikubaaqudgha
Makhleb
Nemelex Xobeh
Okawaru
Qazlal
Ru
Sif Muna
Trog
Uskayaw
Vehumet
Wu Jian
Xom
Yredelemnul
Zin
The Shining One

Shops:
D:7 =   D:12 [

Annotations:
D:12 Jorgrun


Innate Abilities, Weirdness & Mutations

You are a living statue of rough stone.
Your actions are slow, but your melee attacks are powerful.
You are resistant to unholy torment.
Your maximum health is decreased, since you lack skill for your form.
You cannot wear most types of armour.
You are amphibious.
You can wear up to eight rings at the same time.
You are immune to poison.
Your skin changes colour to match your surroundings (Stealth+).
((Your rubbery body absorbs attacks. (AC +1, EV +1)))
((You are camouflaged when in or above water. (Stealth+)))
You have tentacles for arms and can constrict up to eight enemies at once.
One of your tentacles bears a spike.
You are clumsy. (Dex -2)
Your flesh is heat resistant. (rF+)


Message History

Throw: throwing net
Press: ? - help, Shift-Dir - straight line, f/p - Jorgrun
Aim: Jorgrun, wielding a staff of earth and wearing a +0 robe (lightly wounded, poisoned, 48% to hit)
You throw a throwing net.
The throwing net completely misses Jorgrun.
Jorgrun points at you and mumbles some strange words.
The entropic shot hits you!
Jorgrun points at you and mumbles some strange words.
Roots burst forth from the earth!
The grasping roots grab you! The grasping roots constrict you.
You batter Jorgrun!! You grab Jorgrun.
You pierce Jorgrun.
Jorgrun is heavily wounded.
You constrict Jorgrun. Jorgrun hits you but does no damage.
Jorgrun completely misses you. The grasping roots constrict you.
Unknown command.
You tentacle-slap Jorgrun but do no damage.
You pierce Jorgrun, but do no damage.
Jorgrun is heavily wounded.
You constrict Jorgrun, but do no damage.
Jorgrun looks more healthy.
Jorgrun completely misses you. Jorgrun hits you but does no damage.
The grasping roots constrict you.
Unknown command.
You barely miss Jorgrun.
You pierce Jorgrun!
Jorgrun is heavily wounded.
You constrict Jorgrun! Jorgrun gestures at you while chanting.
The entropic shot hits you!!
Ouch! That really hurt!
* * * LOW HITPOINT WARNING * * *
The grasping roots constrict you.
* * * LOW HITPOINT WARNING * * *
You feel much better.
You constrict Jorgrun. Jorgrun hits you with a staff of earth!
* * * LOW HITPOINT WARNING * * *
Jorgrun misses you. The grasping roots constrict you.
Jorgrun completely misses you. Jorgrun misses you.
The grasping roots constrict you!
You die...
Your body crumbles into a pile of gold.

##≈≈~~~≈~~...............
##................######
##...............#
###.............#
#...######....#
#...'....###..#
#...#......#..#
#...#......#..#
#...#.8....#..#
#...#.g....#..#
#...#......#..#+####..
#...#......#..........
###...#.((...#....#####.
#.....########....#
#.................+
####..............#
#..............#


You could see Jorgrun.

Vanquished Creatures
  A minotaur (Gauntlet)
  Erica (D:8)
  A two-headed ogre (D:11)
  The ghost of hitsuchi the Martial Artist, a novice MeSh of Wu Jian (D:8)
  Sonja (D:12)
  Pikel (D:8)
  A cyclops (D:12)
  An ugly thing (D:11)
  A worldbinder (Gauntlet)
  A rust devil (Gauntlet)
  Joseph (D:9)
  A rime drake (D:11)
  2 unseen horrors
  A komodo dragon (D:6)
  4 trolls
  Prince Ribbit (D:9)
  2 shadows (D:12)
  2 vampires
  A ynoxinul (Gauntlet)
  A wraith (D:12)
  22 yaks
  A basilisk (D:12)
  A chaos spawn (Gauntlet)
  A steam dragon (D:7)
  2 vampire mosquitoes (D:12)
  Eustachio (D:4)
  A neqoxec (Gauntlet)
  2 acid dragons
  A water moccasin (D:7)
  10 ice beasts
  A black bear (D:7)
  A sky beast (D:7)
  4 orc warriors
  A wolf (D:11)
  4 centaurs
  3 boggarts (Gauntlet)
  An ogre (D:4)
  A phantom (D:5)
  3 kobold brigands
  4 small abominations (Gauntlet)
  3 bullfrogs
  3 gnoll sergeants
  A wight (D:6)
  14 scorpions
  16 killer bees
  An electric eel (D:12)
  2 centaur zombies (Ossuary)
  5 howler monkeys
  4 jellies
  3 hounds (D:6)
  5 orc priests
  2 gnoll boudas
  3 iron imps (Gauntlet)
  Natasha (thrice) (D:4)
  4 iguanas
  5 orc wizards
  7 scorpion zombies (Ossuary)
  3 mummies (Ossuary)
  13 gnolls
  7 adders
  2 white imps
  2 ufetubi (D:6)
  3 worms
  3 dart slugs
  22 orcs
  13 ball pythons
  4 bats
  3 endoplasms
  4 giant cockroaches
  6 goblins
  3 hobgoblins
  9 jackals
  A quokka (D:5)
  3 frilled lizards
  3 gnoll zombies (Ossuary)
  A goblin zombie (Ossuary)
  4 hobgoblin zombies (Ossuary)
  23 kobolds
  2 kobold zombies (Ossuary)
  2 orc zombies (Ossuary)
  11 rats
319 creatures vanquished.

Notes
Turn   | Place    | Note
-------+----------+-------------------------------------------
     0 | D:1      | Bnni the Octopode Shapeshifter began the quest for the Orb.
     0 | D:1      | Reached XP level 1. HP: 13/13 MP: 1/1
   106 | D:1      | Reached XP level 2. HP: 18/18 MP: 2/2
   647 | D:2      | Reached XP level 3. HP: 22/23 MP: 3/3
   889 | D:2      | Reached XP level 4. HP: 29/29 MP: 4/4
  1426 | D:3      | Reached skill level 4 in Unarmed Combat
  1551 | D:3      | Found a faded altar of an unknown god.
  2005 | D:4      | Noticed Eustachio
  2017 | D:4      | Killed Eustachio
  2018 | D:4      | Reached XP level 5. HP: 26/35 MP: 5/5
  2018 | D:4      | Reached XP level 6. HP: 31/41 MP: 6/6
  2131 | D:4      | Noticed Natasha
  2134 | D:4      | Killed Natasha
  2168 | D:4      | Found a glowing silver altar of Zin.
  2207 | D:4      | Found a staircase to the Ecumenical Temple.
  2214 | Temple   | Entered the Ecumenical Temple
  2227 | Temple   | Became a worshipper of Gozag Ym Sagoz the Greedy
  2248 | D:4      | Reached skill level 5 in Unarmed Combat
  2270 | D:4      | Noticed Natasha
  2286 | D:4      | Killed Natasha
  2302 | D:4      | Noticed Natasha
  2306 | D:4      | Found a shadowy altar of Dithmenos.
  2311 | D:4      | Killed Natasha
  2328 | D:4      | Noticed an ice beast
  2347 | D:4      | Reached XP level 7. HP: 36/46 MP: 7/7
  2403 | D:4      | Reached skill level 5 in Shapeshifting
  2891 | D:5      | Entered Level 5 of the Dungeon
  3029 | D:5      | Found a sand-covered staircase.
  3034 | Ossuary  | Entered an ossuary
  3117 | Ossuary  | Reached skill level 6 in Unarmed Combat
  3254 | Ossuary  | Reached XP level 8. HP: 28/54 MP: 8/8
  3896 | Ossuary  | Reached skill level 7 in Unarmed Combat
  4255 | D:5      | Reached XP level 9. HP: 53/60 MP: 9/9
  4386 | D:5      | Reached skill level 5 in Fighting
  4677 | D:6      | Identified the +0 robe of Enoidu {rPois rF++ Int-4}
  4801 | D:6      | Reached skill level 8 in Unarmed Combat
  5183 | D:6      | Noticed a komodo dragon
  5202 | D:6      | Killed a komodo dragon
  5970 | D:7      | Reached skill level 9 in Unarmed Combat
  6092 | D:7      | Reached skill level 1 in Stealth
  6329 | D:7      | Found a basalt altar of Yredelemnul.
  6364 | D:7      | Reached XP level 10. HP: 22/68 MP: 10/10
  6742 | D:7      | Found Ojeyrol's Jewellery Shoppe.
  6789 | D:7      | Bought a +4 ring of protection for 504 gold pieces
  6797 | D:7      | Found a hazy altar of Hepliaklqana.
  6930 | D:7      | Found a glowing golden altar of the Shining One.
  7056 | D:7      | Noticed an angel
  7199 | D:8      | Found a broken altar of Ashenzari.
  7199 | D:8      | Found an ornate altar of the Wu Jian Council.
  7199 | D:8      | Found a bloodstained altar of Trog.
  7503 | D:8      | Noticed Pikel
  7518 | D:8      | Killed Pikel
  7541 | D:8      | Noticed Erica
  7619 | D:7      | Bought a ring of protection from fire for 350 gold pieces
  7866 | D:8      | Killed Erica
  7867 | D:8      | Reached skill level 10 in Unarmed Combat
  7968 | D:8      | Noticed hitsuchi's ghost (novice MeSh)
  7972 | D:8      | Found a runed translucent door.
  7997 | D:8      | Killed hitsuchi's ghost
  8211 | D:8      | Found a burning altar of Makhleb.
  8412 | D:9      | Noticed Joseph
  8428 | D:9      | Killed Joseph
  8480 | D:9      | Reached XP level 11. HP: 74/74 MP: 11/11
  8498 | D:9      | Found a staircase to the Orcish Mines.
  8619 | D:9      | Reached skill level 5 in Stealth
  8834 | D:9      | Learned a level 2 spell: Wereblood
  8838 | D:9      | Learned a level 3 spell: Ozocubu's Armour
  8892 | D:9      | Noticed Prince Ribbit
  8903 | D:9      | Killed Prince Ribbit
  9132 | D:10     | Entered Level 10 of the Dungeon
  9182 | D:9      | Reached skill level 1 in Ice Magic
  9664 | D:10     | Reached skill level 11 in Unarmed Combat
 10152 | D:11     | Found a gate leading to a gauntlet.
 10172 | Gauntlet | Entered a Gauntlet
 10172 | Gauntlet | Noticed a wizard
 10172 | Gauntlet | Noticed a wizard
 10172 | Gauntlet | Found a transporter.
 10172 | Gauntlet | Found a transporter.
 10172 | Gauntlet | Found a transporter.
 10176 | Gauntlet | Found a transporter.
 10178 | Gauntlet | Found a transporter.
 10182 | Gauntlet | Noticed a worldbinder
 10184 | Gauntlet | Noticed a death drake
 10190 | Gauntlet | Found a transporter.
 10199 | Gauntlet | Found a transporter.
 10203 | Gauntlet | Found a large runed translucent door.
 10204 | Gauntlet | Found a large runed translucent door.
 10205 | Gauntlet | Found a large runed translucent door.
 10205 | Gauntlet | Found a large runed translucent door.
 10206 | Gauntlet | Found a runed translucent gate.
 10207 | Gauntlet | Found a transporter.
 10207 | Gauntlet | Found a runed translucent gate.
 10208 | Gauntlet | Found a runed translucent gate.
 10209 | Gauntlet | Found a large runed translucent door.
 10209 | Gauntlet | Found a large runed translucent door.
 10210 | Gauntlet | Found a large runed translucent door.
 10211 | Gauntlet | Found a large runed translucent door.
 10220 | Gauntlet | Found a large runed translucent door.
 10220 | Gauntlet | Found a large runed translucent door.
 10220 | Gauntlet | Found a runed translucent door.
 10220 | Gauntlet | Found a runed translucent door.
 10221 | Gauntlet | Found a large runed translucent door.
 10222 | Gauntlet | Found a large runed translucent door.
 10224 | Gauntlet | Found a transporter.
 10232 | Gauntlet | Found a transporter.
 10249 | Gauntlet | Found a transporter.
 10306 | Gauntlet | Found a transporter.
 10340 | Gauntlet | Found a large runed translucent door.
 10341 | Gauntlet | Found a large runed translucent door.
 10342 | Gauntlet | Found a large runed translucent door.
 10342 | Gauntlet | Found a large runed translucent door.
 10406 | Gauntlet | Identified the ring "Kexe" {rF+ rC+ Str+2 Dex+6}
 10586 | Gauntlet | Gained mutation: You do not regenerate when monsters are
                  | visible. [a neqoxec]
 10830 | Gauntlet | Noticed a merfolk aquamancer
 10830 | Gauntlet | Noticed a necromancer
 10832 | Gauntlet | Killed a worldbinder
 10834 | Gauntlet | Noticed a shining eye
 10856 | Gauntlet | Noticed a minotaur
 10865 | Gauntlet | Killed a minotaur
 11053 | D:7      | Bought the ring "Noumunoh" {rN++ Will+} for 595 gold pieces
 11190 | D:11     | Noticed a two-headed ogre
 11203 | D:11     | Killed a two-headed ogre
 11373 | D:11     | Reached skill level 10 in Shapeshifting
 11385 | D:11     | Reached XP level 12. HP: 66/82 MP: 12/12
 11429 | D:11     | Lost mutation: You do not regenerate when monsters are
                  | visible. [potion of mutation]
 11429 | D:11     | Gained mutation: You are clumsy. (Dex -2) [potion of
                  | mutation]
 11429 | D:11     | Gained mutation: One of your tentacles bears a spike.
                  | [potion of mutation]
 11429 | D:11     | Gained mutation: Your flesh is heat resistant. (rF+)
                  | [potion of mutation]
 11623 | D:11     | Found a staircase to the Lair.
 11650 | D:11     | Reached skill level 12 in Unarmed Combat
 12463 | D:7      | Bought the amulet "Jemoloys" {RegenMP rC+ rCorr} for 694
                  | gold pieces
 12640 | D:12     | Noticed Sonja
 12650 | D:12     | Killed Sonja
 12844 | D:12     | Found Vierupn's Armour Emporium.
 12987 | D:12     | Noticed Jorgrun
 13000 | D:12     | HP: 3/63 [constriction (4)]
 13001 | D:12     | Constricted to death by Jorgrun

Illustrated notes

Levels and vault maps discovered:
D:1:      shiori_shiawase, layout_basic
D:2:      layout_loops_ring
D:3:      layout_basic, shapermc_ecumenical_altar_mp_highgroup
D:4:      layout_rooms, lemuel_coloured_pillars_altar,
          nicolae_dithmenos_through_a_glass_darkly,
          minmay_temple_entry_glassed_door, minmay_misc_feat_enclosed,
          uniq_eustachio, uniq_natasha
D:5:      layout_loops_ring, enter_ossuary_2
D:6:      minmay_razor_zed, layout_basic
D:7:      layout_gridville, grunt_temple_overflow_holy_war,
          worldfamousw_hep_ancestral_shrine, serial_shops, shop,
          nicolae_figureground_pulse
D:8:      layout_basic, mainiacjoe_overflow_alcove_2,
          gammafunk_temple_overflow_forgotten, hellmonk_ghost_happy_afterlife,
          chequers_serial_rivers_marsh, due_unseen_surprise, uniq_erica,
          uniq_pikel
D:9:      layout_roguey, orc_0_dummy, uniq_prince_ribbit1, uniq_joseph
D:10:     layout_cave_pools
D:11:     layout_loops_ring, hellmonk_lair_entry_icy, gauntlet_entry_generic,
          minmay_diced_spiral
D:12:     minmay_octagon_keep, layout_irregular_city, serial_shops,
          nicolae_shop_tiny_real_fake_doors, grunt_ministairs_14, hive_lemuel,
          uniq_jorgrun, uniq_josephine, uniq_sonja
Temple:   cyrus_circular_temple

Skill      XL: |  1  2  3  4  5  6  7  8  9 10 11 12 |
---------------+-------------------------------------+-----
Unarmed Combat | 4 5 6 7 9 10 11 12 | 12.6
Fighting       | 2 3 4 6 8 |  8.6
Shapeshifting  | 4 5 6 7 8 10 | 10.8
Stealth        | 1 4 5 |  5.0
Dodging        | 4 |  4.3
Ice Magic      | 3 4 |  4.7

Action                     |  1- 3 |  4- 6 |  7- 9 | 10-12 || total
---------------------------+-------+-------+-------+-------++-------
  Melee: Unarmed           |    52 |    75 |   234 |   394 ||   755
         Constrict         |    13 |    19 |    59 |    50 ||   141
         Tentacles         |     5 |    17 |    70 |   109 ||   201
         Punch             |       |       |    14 |    37 ||    51
         Kick              |       |       |       |    36 ||    36
  Throw: Throwing net      |       |       |       |     2 ||     2
         Dart              |       |       |       |     2 ||     2
Ability: Begin Untransform |       |       |     2 |     2 ||     4
  Evoke: Wand              |       |     1 |     1 |    13 ||    15
    Use: Scroll            |       |     2 |     5 |     3 ||    10
         Potion            |       |     1 |       |     7 ||     8
   Stab: Sleeping          |    10 |     2 |     9 |    16 ||    37
         Invisible         |       |     1 |     1 |     3 ||     5
         Distracted        |       |     1 |       |     2 ||     3
         Held in net/web   |       |       |       |     2 ||     2
 Armour: Skin              |     4 |     5 |    14 |    62 ||    85
  Dodge: Dodged            |    29 |    37 |   136 |   294 ||   496
   Form: Statue            |       |       |     1 |     2 ||     3
         Beast             |       |       |     1 |       ||     1

Table legend: (Time is in decaauts)
 A = Elapsed time spent in this place.
 B = Non-inter-level travel time spent in this place.
 C = Inter-level travel time spent in this place.
 D = Time resting spent in this place.
 E = Time spent auto-exploring this place.
 F = Levels seen in this place.
 G = Mean time per level.
                   A        B        C        D        E       F      G
               +--------+--------+--------+--------+--------+-----+--------+
         Total |  13150 |  12330 |    820 |   2419 |   7198 |  15 |  876.7 |
       Dungeon |  11346 |  10538 |    808 |   1459 |   6962 |  12 |  945.5 |
        Temple |     26 |     14 |     12 |      0 |      0 |   1 |   26.0 |
       Ossuary |   1056 |   1056 |      0 |    610 |     84 |   1 | 1056.0 |
      Gauntlet |    720 |    720 |      0 |    350 |    152 |   1 |  720.0 |
               +--------+--------+--------+--------+--------+-----+--------+

Top non-repeatable levels by time:
     D:7: 1431 daAuts
     D:6: 1284 daAuts
    D:11: 1283 daAuts
     D:8: 1228 daAuts
     D:9: 1192 daAuts
 Ossuary: 1056 daAuts
     D:4: 867 daAuts
    D:10: 766 daAuts
Gauntlet: 720 daAuts
     D:3: 688 daAuts
     D:2: 683 daAuts
    D:12: 650 daAuts
     D:5: 643 daAuts
     D:1: 626 daAuts
  Temple: 26 daAuts
